 Dungeon Crawl Stone Soup version 0.23-a0-321-g6bcb69f (webtiles) character file.

1075 lilbarb the Basher (level 8, 65/65 HPs)
             Began as a Formicid Fighter on Oct 15, 2018.
             Was a Believer of Makhleb.
             Quit the game on level 5 of the Dungeon.
             The game lasted 00:25:09 (6825 turns).

lilbarb the Basher (Formicid Fighter)               Turns: 6825, Time: 00:25:09

Health: 65/65      AC:  9    Str: 19 (22) XL:     8   Next: 54%
Magic:  8/8        EV:  7    Int:  8 (9)  God:    Makhleb [**....]
Gold:   197        SH:  8    Dex:  7 (10) Spells: 7/7 levels left

rFire    . . .     SeeInvis +   a - +0 flail
rCold    . . .     Gourm    .   c - +0 shield
rNeg     . . .     Faith    .   o - +0 scale mail
rPois    .         Spirit   .   (helmet unavailable)
rElec    .         Reflect  .   j - +0 cloak
rCorr    .         Harm     .   g - +0 pair of gloves
MR       .....                  (no boots)
Stlth    ..........             (no amulet)
HPRegen  0.20/turn              (no ring)
MPRegen  0.11/turn              (no ring)

@: no status effects
A: permanent stasis, dig shafts and tunnels, four strong arms, antennae 3
a: Dig, Shaft Self, Minor Destruction, Renounce Religion


You were on level 5 of the Dungeon.
You worshipped Makhleb.
Makhleb was pleased with you.
You were not hungry.

You visited 1 branch of the dungeon, and saw 5 of its levels.

You collected 197 gold pieces.

Inventory:

Hand Weapons
 a - a +0 flail (weapon)
 b - a +0 hunting sling
 u - a +0 blowgun
 y - a +1 whip of flaming
Missiles
 h - 166 stones (quivered)
 s - 21 sling bullets
 v - 27 poisoned needles
Armour
 c - a +0 shield (worn)
 g - a +0 pair of gloves (worn)
 j - a +0 cloak (worn)
 o - a +0 scale mail (worn)
Wands
 C - a wand of flame (19)
Scrolls
 e - 3 scrolls of remove curse {unknown}
 i - 3 scrolls of random uselessness {unknown}
 k - 8 scrolls of identify {unknown}
 m - 2 scrolls of amnesia {unknown}
 n - a scroll of magic mapping {unknown}
 p - 2 scrolls of teleportation {unknown}
 q - a scroll of immolation {unknown}
 B - a scroll of blinking {unknown}
 E - a scroll of fog {unknown}
Potions
 t - a potion of haste
 x - a potion of heal wounds {unknown}
 z - a potion of berserk rage {unknown}
 D - a potion of magic {unknown}
Comestibles
 w - 3 rations


   Skills:
 + Level 6.8 Fighting
 * Level 8.0 Maces & Flails
 - Level 3.2 Armour
 - Level 3.6 Shields


You had 7 spell levels left.
You didn't know any spells.
Your spell library contained the following spells:

 Spells                   Type           Power        Failure   Level  Hunger
 Shroud of Golubria       Chrm/Tloc      #.........   99%         2    ###....
 Gell's Gravitas          Tloc           #.........   100%        3    ####...
 Lesser Beckoning         Tloc           #.........   100%        3    ####...
 Teleport Other           Tloc           #.......     100%        3    ####...
 Passage of Golubria      Tloc           N/A          100%        4    #####..
 Blink                    Tloc           Unusable     N/A         2    N/A

Dungeon Overview and Level Annotations

Branches:
Dungeon (5/15)             Temple (0/1) D:4

Altars:
Cheibriados
Elyvilon
Makhleb
Okawaru
Ru
Vehumet

Annotations:
D:5 Prince Ribbit


Innate Abilities, Weirdness & Mutations

You cannot be hasted, slowed, berserked, paralysed or teleported.
You can dig through walls and to a lower floor.
Your four strong arms can wield two-handed weapons with a shield.
You have a pair of large antennae on your head. (SInv)


Message History

You feel a little less clever now.
Things that are here:
a +2 shortbow of freezing; 22 arrows Really walk into a travel-excluded area?
There is a stone staircase leading up here.
You climb upwards.
There is a stone staircase leading down here.
Unknown command.
Unknown command.
You start resting.
Eating a chunk of flesh.
You eat the chunk of flesh.
This raw flesh tastes terrible.
HP restored.
You climb downwards.
Level annotation: Prince Ribbit
There is a stone staircase leading up here.
A sky beast comes into view.
Found a stone staircase leading down.
A worker ant comes into view.
Are you sure you want to abandon this character and quit the game? (Confirm

###..#..# #..(##.###
#.#....#.##
##...(####)########
#.....÷##.##....§.#
#.................. {
#......####..§§..##...
####..#####<§..§......
##.[.@##.......#...
####.##.F.a..........
#....................
#..##..####Y.##......
## ##.s.###.....##...
###..###........# {
#......#.###..
#..(:..## # ...#.(.##
{


You could see Prince Ribbit, a sky beast and a worker ant.

Vanquished Creatures
  Pikel (D:4)
  A slave (D:4)
  A centaur (D:5)
  A scorpion (D:5)
  A howler monkey (D:4)
  A bullfrog skeleton (D:4)
  Crazy Yiuf (D:4)
  3 orc wizards (D:4)
  Ijyb (D:4)
  Natasha (thrice) (D:1)
  3 worker ants (D:4)
  Robin (D:2)
  6 adders
  An ooze (D:3)
  4 dart slugs
  4 leopard geckos
  12 orcs
  5 bats
  4 giant cockroaches
  15 goblins
  4 hobgoblins
  7 jackals
  A quokka (D:3)
  A ball python (D:3)
  8 frilled lizards
  7 kobolds
  11 rats
108 creatures vanquished.

Vanquished Creatures (others)
  A slave (D:4)
  An orc priest (D:4)
  An orc (D:4)
  5 toadstools (D:1)
8 creatures vanquished.

Grand Total: 116 creatures vanquished

Notes
Turn   | Place    | Note
-------+----------+-------------------------------------------
     0 | D:1      | lilbarb the Formicid Fighter began the quest for the Orb.
     0 | D:1      | Reached XP level 1. HP: 18/18 MP: 1/1
   345 | D:1      | Reached XP level 2. HP: 24/24 MP: 2/2
   699 | D:1      | Reached XP level 3. HP: 30/30 MP: 3/3
  1015 | D:1      | Reached skill level 3 in Maces & Flails
  1231 | D:2      | Found a burning altar of Makhleb.
  1259 | D:2      | Became a worshipper of Makhleb the Destroyer
  1303 | D:2      | Found a sacrificial altar of Ru.
  1594 | D:2      | Noticed Robin
  1614 | D:2      | Killed Robin
  1622 | D:2      | Reached XP level 4. HP: 37/37 MP: 4/4
  1744 | D:2      | Noticed Natasha
  1758 | D:1      | Killed Natasha
  1964 | D:1      | Noticed Natasha
  1977 | D:1      | Killed Natasha
  1977 | D:1      | Reached skill level 4 in Maces & Flails
  1977 | D:1      | Reached XP level 5. HP: 38/43 MP: 5/5
  2411 | D:1      | Noticed Natasha
  2425 | D:1      | Killed Natasha
  3136 | D:3      | Reached * piety under Makhleb
  3499 | D:3      | Reached XP level 6. HP: 49/49 MP: 6/6
  3631 | D:3      | Reached skill level 5 in Maces & Flails
  3732 | D:3      | Found a white marble altar of Elyvilon.
  3732 | D:3      | Found an iron altar of Okawaru.
  3882 | D:4      | Found a snail-covered altar of Cheibriados.
  3926 | D:4      | Found a staircase to the Ecumenical Temple.
  3992 | D:4      | Reached skill level 5 in Fighting
  4719 | D:4      | Noticed a slave
  4738 | D:4      | Killed a slave
  4771 | D:4      | Noticed Pikel
  4771 | D:4      | Noticed a slave
  4771 | D:4      | Noticed a slave
  4773 | D:4      | Noticed a slave
  4802 | D:4      | Killed Pikel
  4802 | D:4      | Reached skill level 7 in Maces & Flails
  4802 | D:4      | Reached XP level 7. HP: 18/58 MP: 7/7
  4802 | D:4      | Reached XP level 8. HP: 20/64 MP: 8/8
  5379 | D:4      | Noticed Ijyb
  5394 | D:4      | Killed Ijyb
  5466 | D:4      | Reached ** piety under Makhleb
  5571 | D:4      | Found a runed door.
  6081 | D:4      | Noticed Crazy Yiuf
  6091 | D:4      | Killed Crazy Yiuf
  6145 | D:5      | Entered Level 5 of the Dungeon
  6145 | D:5      | Found a radiant altar of Vehumet.
  6169 | D:5      | Noticed Prince Ribbit
  6490 | D:5      | Reached skill level 8 in Maces & Flails
  6511 | D:5      | HP: 1/65 [Prince Ribbit (8)]
  6825 | D:5      | Quit the game

Vault maps used:
D:1:      ldierk_walled_garden, chequers_serial_rivers_small_3
D:2:      hangedman_ru_absence, bloody_makhleb, uniq_robin, uniq_natasha
D:3:      gammafunk_temple_overflow_elements
D:4:      lemuel_round_altar, temple_doors_cd, first_ration,
          minmay_misc_feat_nine_boxes, uniq_pikel, uniq_crazy_yiuf_cottage,
          uniq_ijyb
D:5:      fiery_altar_vehumet, nrook_uturn, uniq_prince_ribbit1, uniq_grinder,
          uniq_sigmund

Skill      XL: |  1  2  3  4  5  6  7  8 |
---------------+-------------------------+-----
Maces & Flails | 3 4 7 8 |  8.0
Fighting       | 4 6 |  6.8
Armour         | |  3.2
Shields        | |  3.6

Action                   |  1- 3 |  4- 6 |  7- 9 || total
-------------------------+-------+-------+-------++-------
Melee: Flail             |   107 |   222 |    97 ||   426
 Fire: Hunting sling     |       |    34 |     2 ||    36
       Blowgun           |       |       |     3 ||     3
 Abil: Dig               |     1 |     2 |     4 ||     7
Evoke: Wand              |       |       |     2 ||     2
  Use: Potion            |       |       |     6 ||     6
  Eat: Chunk             |     2 |     8 |     7 ||    17
       Ration            |       |     1 |       ||     1
Armor: Scale mail        |    38 |   104 |    28 ||   170
       Skin              |       |       |     1 ||     1
Dodge: Dodged            |    23 |    59 |    21 ||   103
Block: Shield            |    41 |   115 |    31 ||   187

Table legend:
 A = Non-vault XP
 B = Vault XP
 C = Vault XP percentage of total XP
 D = Non-vault monster count
 E = Vault monster count
 F = Vault count percentage of total count
                 A         B        C        D         E       F
            +---------+---------+-------+---------+---------+-------
      Total |     781 |     755 |  49.2 |      91 |      16 |  15.0
            +---------+---------+-------+---------+---------+-------
        D:1 |     104 |      35 |  25.2 |      25 |       1 |   3.8
        D:2 |      47 |      37 |  44.0 |      14 |      12 |  46.2
        D:3 |      85 |       0 |   0.0 |      25 |       0 |   0.0
        D:4 |     339 |     683 |  66.8 |      21 |       3 |  12.5
        D:5 |     206 |       0 |   0.0 |       6 |       0 |   0.0
            +---------+---------+-------+---------+---------+-------
